Map: Heavy Artillery LE

Players

qqq - Winner!

  • Race: Zerg Zerg

Massa - Winner!

  • Race: Terran Terran
  • League: Platinum

Kira

  • Race: Protoss Protoss

Cluster

  • Race: Terran Terran

VOD

Have the link to the VOD?

Description

Time

  • Played on: April 21, 2021, 12:24 p.m.
  • Length: 13:45
Show
View Real Time Build Order
Export as new Build Order

qqq Zerg - Winner!

Build Orders: Hatch First 

Get SALT Encoding   

  12  0:01  Drone  
  13  0:11  Drone  
  14  0:21  Overlord  
  14  0:44  Hatchery  
  14  0:49  Drone  
  14  0:51  Drone  
  14  0:56  Drone  
  16  1:02  Drone  
  17  1:14  Drone  
  18  1:21  Spawning Pool  
  18  1:23  Extractor  
  18  1:25  Drone  
  17  1:40  Drone  
  18  1:47  Drone  
  19  1:55  Drone  
  19  1:56  Drone  
  21  2:10  Queen x2  
  21  2:11  Drone x2  
  27  2:27  Zergling x2  
  27  2:28  Overlord x2  
  28  2:31  Metabolic Boost  
  28  2:48  Drone x3, Zergling x2  
  32  2:55  Zergling x2  
  33  3:06  Zergling x2  
  33  3:08  Zergling x2  
  33  3:10  Hatchery  
  34  3:16  Zergling x2  
  34  3:18  Zergling x2  
  36  3:25  Zergling x2  
  37  3:28  Zergling x2  
  38  3:34  Lair  
  38  3:35  Queen  
  40  3:41  Drone x2  
  40  3:42  Drone x2  
  40  3:44  Overlord  
  40  3:48  Overlord  
  44  3:53  Overlord  
  44  3:59  Spore Crawler  
  44  4:00  Drone  
  44  4:02  Drone  
  45  4:10  Drone  
  45  4:11  Queen  
  45  4:12  Drone  
  45  4:14  Drone  
  45  4:16  Drone  
  51  4:22  Drone x2  
  53  4:29  Extractor  
  52  4:45  Queen x2  
  52  5:10  Drone x7  
  52  5:11  Drone x5  
  52  5:14  Extractor  
  63  5:15  Extractor  
  63  5:21  Spire  
  61  5:48  Overlord  
  61  5:49  Overlord  
  61  5:50  Drone x5  
  61  5:51  Overlord x2  
  61  5:53  Extractor  
  61  5:55  Extractor  
  56  6:24  Spire  
  55  6:30  Drone x7  
  55  6:31  Drone, Overlord x2  
  63  6:34  Queen  
  63  6:35  Queen  
  63  6:36  Queen  
  63  6:38  Drone x2, Corruptor x2  
  75  6:42  Zerg Flyer Weapons Level 1  
  75  6:43  Mutalisk, Corruptor  
  79  6:52  Mutalisk x2  
  79  6:53  Corruptor  
  85  6:58  Drone  
  85  7:00  Drone x2, Mutalisk  
  90  7:04  Zergling x4  
  92  7:22  Mutalisk x2  
  92  7:23  Mutalisk x3  
  92  7:29  Mutalisk  
  104  7:31  Drone x2  
  104  7:35  Overlord x4  
  106  7:43  Zerg Flyer Armor Level 1  
  106  7:55  Drone x3, Corruptor x2  
  106  7:56  Corruptor  
  115  8:01  Zergling x4  
  115  8:02  Corruptor  
  119  8:09  Infestation Pit  
  105  8:27  Drone  
  105  8:28  Drone x7  
  105  8:29  Drone x5  
  118  8:45  Corruptor x2  
  118  8:46  Corruptor  
  124  8:57  Hatchery  
  124  9:01  Corruptor x2  
  127  9:05  Zerg Flyer Weapons Level 2  
  127  9:07  Hive  
  127  9:10  Overlord x2  
  127  9:15  Corruptor  
  129  9:27  Corruptor x2  
  127  9:56  Mutalisk, Corruptor x2  
  127  9:57  Mutalisk  
  123  10:20  Mutalisk, Corruptor x2  
  121  10:27  Overlord x4  
  121  10:28  Drone x2  
  123  10:31  Extractor  
  123  10:32  Extractor, Spore Crawler  
  123  10:33  Spine Crawler  
  123  10:34  Spore Crawler  
  118  10:36  Spine Crawler  
  115  11:04  Mutalisk x3, Viper  
  113  11:06  Mutalisk  
  120  11:24  Mutalisk, Corruptor  
  120  11:25  Mutalisk  
  124  11:26  Zergling x6  
  124  11:28  Zergling x4  
  129  11:36  Greater Spire  
  129  11:41  Drone x3  
  132  11:54  Mutalisk, Viper  
  132  11:56  Zergling x2  
  132  11:58  Queen  
  138  12:21  Hatchery  
  129  12:23  Corruptor  
  129  12:24  Mutalisk x4, Corruptor  
  139  12:34  Queen  
  141  12:39  Zergling x2  
  141  12:40  Zergling x10  
  147  12:53  Overseer  
  147  12:57  Overseer x2  
  147  13:02  Mutalisk x3, Zergling x4  
  147  13:03  Corruptor  
Show
View Real Time Build Order
Export as new Build Order

Massa Terran - Winner!

Build Orders:  

Get SALT Encoding   

  12  0:00  SCV  
  13  0:12  SCV  
  14  0:24  SCV  
  14  0:25  Supply Depot  
  15  0:47  SCV  
  15  0:48  Barracks  
  16  0:53  Refinery  
  16  1:00  SCV, Barracks  
  17  1:13  SCV  
  18  1:25  SCV  
  19  1:42  SCV  
  20  1:47  Reaper  
  21  1:58  Reaper  
  22  2:12  Command Center  
  22  2:14  Orbital Command  
  22  2:19  Reaper  
  23  2:48  Engineering Bay  
  23  3:02  Barracks Tech Lab  
  23  3:10  Supply Depot  
  23  3:13  Supply Depot  
  23  3:24  SCV  
  23  3:36  SCV  
  23  3:42  Marine  
  23  3:44  Orbital Command  
  24  3:48  Missile Turret  
  24  3:50  Barracks  
  24  3:54  Barracks Reactor  
  24  3:59  Terran Infantry Weapons Level 1, Command Center  
  24  4:00  Refinery, Marine  
  24  4:02  Missile Turret  
  25  4:11  SCV  
  25  4:15  Barracks  
  26  4:21  Marine  
  26  4:23  SCV x2  
  29  4:32  Marine  
  30  4:38  Marine  
  30  4:41  Marine  
  32  4:47  SCV  
  32  4:48  SCV  
  32  4:59  SCV  
  33  5:00  SCV  
  34  5:08  Barracks Tech Lab  
  34  5:09  Barracks Reactor  
  34  5:12  SCV x2  
  35  5:24  SCV  
  35  5:26  Missile Turret  
  36  5:30  Refinery  
  36  5:31  Refinery, SCV  
  36  5:34  Orbital Command  
  37  5:36  SCV  
  37  5:37  Stimpack  
  37  5:38  Barracks Tech Lab  
  37  5:39  Barracks Reactor  
  37  5:41  Marine  
  39  5:43  SCV  
  39  5:47  Factory  
  40  5:50  Missile Turret  
  40  5:52  Engineering Bay  
  40  5:53  Terran Infantry Armor Level 1  
  40  5:59  Marine x3, Supply Depot x2  
  40  6:00  Supply Depot  
  40  6:02  Supply Depot  
  43  6:05  Combat Shield  
  43  6:09  Marauder  
  43  6:10  SCV, Missile Turret  
  46  6:16  Marine  
  46  6:17  Marine x3  
  50  6:19  Marine  
  50  6:22  SCV  
  52  6:27  Supply Depot  
  52  6:31  Armory  
  52  6:32  Factory Tech Lab  
  52  6:36  Starport  
  54  6:40  SCV x3  
  54  6:43  Marine  
  54  6:44  Marine  
  57  6:49  Marauder, Marine  
  57  6:52  SCV x3  
  63  6:54  Siege Tank  
  66  7:24  Marine x6  
  66  7:28  Thor  
  78  7:38  Sensor Tower  
  78  7:41  Marine  
  79  7:47  SCV x2  
  81  7:52  Starport Reactor  
  81  7:53  Terran Infantry Weapons Level 2, Terran Vehicle And Ship Armor Level 1  
  81  7:57  Terran Infantry Armor Level 2  
  81  7:58  Marine x2  
  81  7:59  SCV x2, Marine x4  
  89  8:11  SCV  
  90  8:16  Orbital Command, Marine x4  
  94  8:23  Sensor Tower  
  94  8:34  Supply Depot  
  94  8:35  Supply Depot  
  94  8:36  Supply Depot  
  94  8:38  Supply Depot  
  94  8:42  Sensor Tower  
  94  8:45  Missile Turret  
  95  8:48  SCV x2  
  95  8:49  SCV  
  95  8:51  Thor  
  95  8:53  Marauder x2, Marine  
  95  8:55  Marine  
  109  8:57  Supply Depot  
  109  8:58  Medivac  
  109  8:59  Medivac  
  109  9:00  SCV x2, Missile Turret  
  115  9:05  Missile Turret  
  115  9:14  Marauder, Marine x4  
  115  9:15  Marauder  
  123  9:21  Barracks  
  123  9:23  Barracks  
  123  9:26  Missile Turret  
  123  9:30  Sensor Tower  
  123  9:31  Marine  
  102  9:57  Marauder x2, Marine  
  104  10:05  Medivac x2  
  98  10:18  Marauder x2  
  102  10:21  SCV x2  
  102  10:22  SCV  
  102  10:23  Barracks Reactor, Barracks Tech Lab  
  102  10:26  Refinery  
  102  10:27  Refinery  
  105  10:33  SCV  
  105  10:34  SCV  
  105  10:35  Medivac  
  105  10:39  Marauder  
  96  10:43  Marauder x2  
  96  10:45  Marine  
  96  10:46  Marine x3  
  99  11:01  Marauder  
  99  11:03  Marine x4  
  96  11:04  Marauder, Marine  
  96  11:05  Marauder, Marine  
  96  11:07  Thor  
  96  11:08  Medivac x2  
  105  11:21  Marine x4  
  105  11:22  Marauder, Marine x2, Command Center  
  105  11:25  Factory  
  113  11:26  Marauder x2  
  117  11:38  Marine  
  117  11:39  Marine  
  119  11:42  Marine x4  
  119  11:44  Marauder  
  125  11:47  Marauder x2  
  125  11:50  Thor  
  135  11:56  Marine  
  135  11:57  Marine  
  135  12:00  Marine  
  138  12:02  SCV x3  
  138  12:05  Marauder  
  138  12:06  Concussive Shells  
  143  12:09  Marauder x2, Marine x2  
  143  12:11  Factory Tech Lab  
  149  12:23  Supply Depot  
  149  12:24  Supply Depot  
  149  12:25  Supply Depot  
  149  12:27  Supply Depot x2  
  149  12:29  Supply Depot  
  149  12:33  SCV x3, Planetary Fortress, Thor  
  149  12:34  Marauder  
  160  12:39  Missile Turret  
  160  12:46  Sensor Tower  
  160  12:48  Supply Depot  
  160  12:52  Supply Depot  
  160  12:56  Marauder x2  
  160  12:57  Marauder, Marine x3  
  166  13:18  Marauder x3, Marine  
  137  13:26  Missile Turret  
  123  13:38  Ghost Academy  
Show
View Real Time Build Order
Export as new Build Order

Kira Protoss 

Build Orders: 1 Gate Expand, Carriers, Carrier Rush 

Get SALT Encoding   

  12  0:00  Probe  
  13  0:12  Probe  
  14  0:20  Pylon  
  14  0:25  Probe  
  15  0:38  Probe (Chrono Boost)  
  16  0:43  Gateway  
  16  0:47  Probe (Chrono Boost)  
  17  0:50  Assimilator  
  17  0:53  Probe  
  18  1:05  Probe  
  19  1:26  Nexus  
  19  1:34  Pylon  
  19  1:43  Cybernetics Core  
  19  1:45  Probe (Chrono Boost)  
  21  1:54  Probe (Chrono Boost)  
  21  1:59  Probe (Chrono Boost)  
  21  2:02  Assimilator  
  22  2:11  Probe  
  23  2:16  Stalker (Chrono Boost)  
  25  2:23  Probe  
  26  2:30  Pylon  
  26  2:32  Shield Battery  
  26  2:39  Stalker  
  28  2:47  Pylon  
  28  2:59  Probe  
  28  3:01  Probe  
  28  3:02  Stargate  
  30  3:08  Shield Battery  
  31  3:14  Stalker (Chrono Boost)  
  32  3:40  Probe x2 (Chrono Boost)  
  34  3:43  Assimilator  
  34  3:45  Assimilator  
  34  3:51  Probe x2 (Chrono Boost), Fleet Beacon  
  36  3:55  Probe (Chrono Boost)  
  36  3:56  Probe (Chrono Boost)  
  39  4:10  Probe x2  
  40  4:17  Stargate  
  40  4:22  Probe x2  
  42  4:28  Pylon  
  42  4:34  Probe x2  
  44  4:45  Carrier (Chrono Boost)  
  44  4:46  Probe x2  
  52  4:58  Probe x2  
  60  5:10  Probe  
  61  5:18  Carrier (Chrono Boost)  
  61  5:19  Probe  
  62  5:22  Probe  
  62  5:27  Pylon  
  63  5:31  Probe, Pylon x2  
  63  5:34  Probe  
  65  5:42  Nexus  
  65  5:43  Probe  
  66  5:51  Probe  
  66  5:55  Probe  
  68  6:13  Carrier x2 (Chrono Boost)  
  80  6:19  Pylon  
  80  6:22  Pylon  
  80  6:50  Probe x2  
  80  6:54  Protoss Air Weapons Level 1 (Chrono Boost)  
  82  6:55  Assimilator  
  82  6:57  Assimilator  
  82  7:02  Probe  
  82  7:03  Twilight Council  
  82  7:04  Gateway  
  83  7:11  Carrier x2  
  95  7:24  Probe  
  95  7:25  Probe  
  97  7:32  Gateway  
  97  7:37  Pylon  
  97  7:38  Pylon  
  97  7:39  Probe x3  
  100  7:51  Probe x2  
  102  7:52  Probe  
  103  7:59  Templar Archives  
  103  8:03  Probe x2  
  103  8:04  Probe  
  106  8:12  Carrier x2 (Chrono Boost)  
  106  8:15  Probe x2  
  106  8:16  Probe  
  106  8:18  Gateway  
  121  8:25  Psionic Storm  
  121  8:27  Probe  
  121  8:28  Forge  
  122  8:35  Pylon  
  122  8:36  High Templar x2  
  122  8:37  High Templar  
  126  8:55  Stargate  
  126  9:03  Void Ray x2  
  126  9:09  Nexus  
  134  9:16  Pylon  
  134  9:19  Pylon  
  134  9:23  Stargate  
  133  9:40  Void Ray x2  
  119  9:57  High Templar  
  119  9:58  High Templar x2  
  119  10:05  Photon Cannon  
  119  10:06  Photon Cannon  
  119  10:08  Photon Cannon x2  
  119  10:09  Probe x3  
  122  10:21  Probe x4, Void Ray  
  119  10:22  Void Ray x2  
  132  10:33  Probe x3  
  134  10:36  Archon, Stalker  
  134  10:37  High Templar, Stalker  
  139  10:46  Nexus  
  139  10:49  Void Ray, Pylon  
  124  10:59  Void Ray x2  
  124  11:06  Nexus  
  124  11:08  Photon Cannon  
  124  11:11  Photon Cannon  
  132  11:13  Photon Cannon, Void Ray  
  132  11:16  Photon Cannon  
  128  11:19  Photon Cannon  
  132  11:29  High Templar x2  
  132  11:30  Probe x3  
  139  11:36  Assimilator  
  139  11:39  Void Ray, Assimilator  
  139  11:41  Void Ray  
  139  11:42  Probe x2  
  139  11:43  Probe  
  150  11:51  Void Ray (Chrono Boost)  
  150  11:54  Probe x2  
  150  11:55  Probe  
  150  12:01  Stalker  
  159  12:06  Probe x2  
  159  12:08  Probe  
  162  12:18  Probe  
  162  12:19  Probe, Void Ray x2 (Chrono Boost)  
  162  12:20  Probe  
  157  12:26  Stalker  
  167  12:30  Probe  
  167  12:31  Probe  
  169  12:40  Pylon x3  
  169  12:44  Photon Cannon  
  169  12:45  Photon Cannon  
  169  12:46  Pylon  
  169  12:48  Nexus  
  169  12:49  Void Ray  
  169  12:51  Void Ray  
  169  12:54  High Templar  
  169  12:56  Pylon  
  181  13:06  Pylon  
  157  13:19  Archon  
Show
View Real Time Build Order
Export as new Build Order

Cluster Terran 

Build Orders:  

Get SALT Encoding   

  12  0:00  SCV  
  13  0:12  SCV  
  14  0:17  Supply Depot  
  14  0:24  SCV  
  15  0:35  Refinery  
  15  0:38  SCV  
  16  0:44  Barracks  
  16  0:54  SCV  
  17  1:06  SCV  
  18  1:18  SCV  
  19  1:32  Marine  
  20  1:35  Orbital Command  
  20  1:38  Factory  
  20  1:59  Command Center  
  20  2:02  SCV  
  20  2:04  Marine  
  22  2:11  Supply Depot  
  22  2:25  Marine  
  23  2:31  Refinery  
  23  2:32  SCV  
  23  2:33  Hellion  
  26  2:39  Starport  
  25  2:47  Marine, Supply Depot  
  26  2:55  Hellion  
  28  2:59  SCV  
  29  3:10  Barracks Tech Lab  
  29  3:11  Orbital Command  
  29  3:18  Hellion  
  31  3:32  Orbital Command  
  31  3:38  SCV  
  31  3:39  Stimpack  
  33  3:47  Starport Reactor  
  32  3:50  SCV  
  32  3:52  Barracks  
  32  3:53  Barracks  
  33  3:59  SCV  
  33  4:00  Marine  
  33  4:02  SCV  
  36  4:11  SCV  
  36  4:14  SCV  
  36  4:16  Supply Depot  
  38  4:20  Factory Tech Lab  
  38  4:23  SCV, Marine  
  40  4:27  SCV  
  41  4:35  SCV  
  40  4:42  SCV  
  40  4:43  Medivac  
  40  4:44  Medivac  
  45  4:46  Barracks Reactor x2  
  45  4:47  Marine  
  45  4:48  SCV  
  44  5:04  Marine  
  39  5:09  SCV  
  39  5:10  SCV  
  39  5:12  Siege Tank  
  44  5:14  Bunker  
  44  5:15  Bunker  
  44  5:18  Combat Shield  
  44  5:21  SCV  
  44  5:22  SCV, Marine  
  44  5:23  Marine x3  
  44  5:24  Marine  
  51  5:33  SCV  
  51  5:34  SCV, Supply Depot  
  53  5:37  Supply Depot  
  53  5:40  Marine  
  53  5:41  Marine  
  55  5:46  SCV  
  55  5:48  Marine x3  
  59  5:52  Supply Depot  
  59  5:55  SCV, Supply Depot  
  60  5:58  SCV, Marine  
  60  5:59  Marine, Supply Depot  
  60  6:00  Supply Depot  
  62  6:07  Marine x2  
  62  6:08  Marine  
  65  6:16  Marine  
  65  6:18  SCV  
  67  6:25  Supply Depot  
  67  6:27  SCV  
  67  6:28  Supply Depot  
  67  6:29  Marine x2, Supply Depot  
  67  6:30  SCV, Marine  
  72  6:42  Marine x2  
  72  6:43  SCV  
  72  6:46  SCV  
  76  6:47  Marine x2  
  76  6:49  Marine  
  76  6:53  Engineering Bay  
  79  6:55  SCV, Engineering Bay  
  79  6:56  Medivac  
  79  6:58  Medivac  
  79  7:00  SCV, Marine x2  
  87  7:05  Marine  
  88  7:22  Marine x4  
  85  7:23  SCV, Marine  
  85  7:24  SCV  
  89  7:31  Command Center  
  89  7:35  Barracks, Medivac  
  89  7:36  Barracks  
  91  7:40  Marine x3  
  91  7:42  Missile Turret  
  94  7:46  Refinery x2, Missile Turret  
  94  7:48  Terran Infantry Weapons Level 1  
  94  7:49  Terran Infantry Armor Level 1  
  94  7:55  Marine x2  
  94  7:57  SCV, Marine  
  94  7:58  SCV  
  99  8:25  Marine x3  
  91  8:28  Barracks Reactor  
  91  8:29  Barracks Reactor  
  91  8:30  Missile Turret  
  91  8:32  Missile Turret  
  91  8:33  Missile Turret  
  91  8:34  Marine x2, Missile Turret  
  88  8:35  Missile Turret  
  88  8:40  Missile Turret  
  90  8:42  Marine  
  90  8:43  Orbital Command, Marine x2  
  90  8:45  Missile Turret  
  90  8:46  Medivac x2  
  97  8:52  Marine x2  
  97  8:54  Armory  
  99  8:56  SCV  
  99  9:00  Marine  
  99  9:01  Marine x2  
  103  9:09  Marine  
  103  9:10  Marine  
  103  9:14  Marine x2  
  107  9:17  Orbital Command  
  107  9:18  Marine x4  
  107  9:19  Marine  
  107  9:21  Liberator x2, Missile Turret  
  118  9:25  SCV  
  118  9:27  Marine  
  118  9:28  Missile Turret  
  118  9:42  Marine x2  
  118  9:43  Marine x2  
  118  9:44  Marine x4  
  112  9:53  Marine  
  101  10:00  Marine x2  
  72  10:07  Marine  
  72  10:08  Marine x5  
  72  10:11  Marine  
  76  10:18  Marine x2  
  78  10:25  Marine x3  
  78  10:26  Marine x3  
  84  10:31  Marine  
  84  10:32  Command Center  
  85  10:35  Marine x2  
  85  10:38  SCV x2  
  86  10:52  Marine  
  86  10:53  Marine x6  
  93  11:00  Marine x2  
  90  11:10  Marine x2  
  90  11:11  Marine x4  
  92  11:12  Marine  
  90  11:18  Marine x2  
  86  11:26  Medivac  
  86  11:27  Medivac  
  86  11:28  Marine x2  
  86  11:29  Marine  
  86  11:32  SCV x2  
  95  11:44  SCV  
  95  11:45  SCV  
  97  11:47  Marine x3  
  97  11:48  Marine  
  101  11:56  SCV  
  102  12:05  Marine, Missile Turret  
  102  12:06  Missile Turret  
  103  12:15  Marine x4  
  105  12:25  Marine x2  
  105  12:26  Marine x2  
  110  12:32  SCV x2, Marine  
  112  12:44  SCV  
  112  12:50  Marine x2  
  115  12:57  Missile Turret  
  115  13:00  Planetary Fortress  
  105  13:17  Marine x2  
  105  13:18  Marine x6  
  105  13:19  Marine  
Tags
 
Add a new tag
Caveats
  • Supply blocks, unpowered buildings, or Contaminate may cause inaccurate times.
  • Supply counts are checked every 10 seconds.